 Dungeon Sprint DCSS version 0.27-a0-1191-g601b473118 (webtiles) character file.

Game seed: 8316749438083473276

301 Zeld the Cleaver (level 6, -10/84 HPs)
             Began as a Minotaur Berserker on May 24, 2021.
             Was a Believer of Trog.
             Mangled by Sonja
             ... wielding a +4 short sword of distortion
              (11 damage)
             ... in the Dungeon (Sprint I: "Red Sonja").
             The game lasted 00:00:37 (767 turns).

Zeld the Cleaver (Minotaur Berserker)                Turns: 767, Time: 00:00:37

Health: -10/84     AC:  3    Str: 24    XL:     6   Next: 14%
Magic:  5/5        EV: 12    Int:  4    God:    Trog [**....]
Gold:   162        SH:  0    Dex:  9    Spells: 5/5 levels left

rFire    . . .     SeeInvis .   a - +0 hand axe
rCold    . . .     Faith    .   (no shield)
rNeg     . . .     Spirit   .   b - +0 leather armour
rPois    .         Reflect  .   (helmet restricted)
rElec    .         Harm     .   (no cloak)
rCorr    .         Rampage  .   (no gloves)
Will     +++..     NoTele   +   (no boots)
Stlth    ..........             (no amulet)
HPRegen  1.24/turn              i - ring of willpower
MPRegen  0.09/turn              (no ring)

@: berserking, strong-willed, regenerating, very quick
A: horns 2, retaliatory headbutt
a: Renounce Religion, Berserk, Trog's Hand


You were in the Dungeon.
You worshipped Trog.
Trog was pleased with you.
You visited 1 branch You collected 162 gold pieces.

Inventory:

Hand Weapons
 a - a +0 hand axe (weapon)
Armour
 b - a +0 leather armour (worn)
Jewellery
 i - a ring of willpower (left hand)
Scrolls
 h - a scroll of blinking
Potions
 c - a potion of curing
 d - a potion of heal wounds
 e - a potion of haste
 f - 2 potions of magic
 g - a potion of berserk rage
 j - a potion of cancellation {unknown}


   Skills:
 * Level 5.5 Fighting
 - Level 14.0 Axes
 - Level 2.4 Armour
 * Level 4.4 Dodging


You had 5 spell levels left.
You didn't know any spells.
Your spell library was empty.

Dungeon Overview and Level Annotations

Branches:
Dungeon (1/1)

Altars:
Sif Muna
Vehumet
Wu Jian

Annotations:
D Sonja


Innate Abilities, Weirdness & Mutations

You have a pair of horns on your head.
You reflexively headbutt those who attack you in melee.


Message History

i - a ring of willpower (left hand)
There is an ornate altar of the Wu Jian Council here.
You open the door.
Sonja, the Graceful Assassin comes into view.
She is wielding a +4 short sword of distortion and quivering curare-tipped darts.
Sonja shouts!
Found 108 gold pieces.
Your skin crawls.
You feel strong-willed.
Sonja mumbles some strange words.
Sonja blinks!
A red film seems to cover your vision as you go berserk!
You feel yourself moving faster!
You feel mighty!
Sonja hits you with a +4 short sword of distortion!
Space bends around you.
Sonja hits you with a +4 short sword of distortion.
Space warps horribly around you! Sonja completely misses you.
You are too injured to fight recklessly!
You are too injured to fight recklessly!
You are too injured to fight recklessly!
You are too injured to fight recklessly!
You are too injured to fight recklessly!
You barely miss Sonja. You headbutt Sonja!
Sonja is moderately wounded.
Sonja hits you with a +4 short sword of distortion.
Space bends around you.
Sonja hits you with a +4 short sword of distortion!
* * * LOW HITPOINT WARNING * * *
Sonja hits you with a +4 short sword of distortion.
* * * LOW HITPOINT WARNING * * *
You closely miss Sonja.
Sonja is moderately wounded.
Unknown command.
You slash Sonja!
Sonja is heavily wounded.
Sonja hits you with a +4 short sword of distortion!
* * * LOW HITPOINT WARNING * * *
Sonja hits you with a +4 short sword of distortion.
* * * LOW HITPOINT WARNING * * *
Sonja hits you with a +4 short sword of distortion!
You die...

################
#<.#..)..#..'..#
#..').#..').#..+
#..#####'#####'#
#..# #..# #.#
#..# #### ##.#
#..# #+#_.+ #⌠⌠#
+.K._# ####
#_@#+# ##'# #.#
$.$ $.$ ##.##
#+#


You could see Sonja.

Vanquished Creatures
  Sigmund (D)
  An ogre (D)
  A jelly (D)
  Ijyb (D)
4 creatures vanquished.

Vanquished Creatures (others)
  A gargoyle (D)
1 creature vanquished.

Grand Total: 5 creatures vanquished

Notes
Turn   | Place    | Note
-------+----------+-------------------------------------------
     0 | D        | Zeld the Minotaur Berserker began the quest for the Orb.
     0 | D        | Reached XP level 1. HP: 19/19 MP: 0/0
    19 | D        | Killed a gargoyle
   204 | D        | Noticed Ijyb
   211 | D        | Killed Ijyb
   212 | D        | Reached skill level 7 in Axes
   212 | D        | Reached XP level 2. HP: 26/26 MP: 1/1
   392 | D        | Noticed an ogre
   396 | D        | Killed an ogre
   397 | D        | Reached skill level 11 in Axes
   397 | D        | Reached XP level 3. HP: 26/31 MP: 2/2
   397 | D        | Reached XP level 4. HP: 33/39 MP: 3/3
   578 | D        | Noticed Sigmund
   584 | D        | Killed Sigmund
   584 | D        | Reached ** piety under Trog
   585 | D        | Reached skill level 14 in Axes
   585 | D        | Reached XP level 5. HP: 47/47 MP: 4/4
   585 | D        | Reached XP level 6. HP: 55/55 MP: 5/5
   749 | D        | Found an ornate altar of the Wu Jian Council.
   749 | D        | Found a shimmering blue altar of Sif Muna.
   751 | D        | Found a radiant altar of Vehumet.
   754 | D        | Reached skill level 5 in Fighting
   762 | D        | Noticed Sonja
   767 | D        | HP: 1/84 [Sonja/+4 short sword of distortion (4)]
   767 | D        | Mangled by Sonja

Illustrated notes

Levels and vault maps discovered:
D:        dungeon_sprint_1 [red_sonja_temple_1, red_sonja_temple_small_1]

Skill      XL: |  1  2  3  4  5  6 |
---------------+-------------------+-----
Axes           | 7 11 14 | 14.0
Fighting       | 4 5 |  5.5
Dodging        | 3 4 |  4.4
Armour         | |  2.4

Action                   |  1- 3 |  4- 6 || total
-------------------------+-------+-------++-------
Melee: Hand axe          |     8 |     8 ||    16
       Headbutt          |     3 |     3 ||     6
Invok: Berserk           |     2 |     2 ||     4
       Trog's Hand       |       |     1 ||     1
Dodge: Dodged            |     1 |     2 ||     3

Table legend: (Time is in decaauts)
 A = Elapsed time spent in this place.
 B = Non-inter-level travel time spent in this place.
 C = Inter-level travel time spent in this place.
 D = Time resting spent in this place.
 E = Time spent auto-exploring this place.
 F = Levels seen in this place.
 G = Mean time per level.
                   A        B        C        D        E       F      G
               +--------+--------+--------+--------+--------+-----+--------+
         Total |    793 |    793 |      0 |    722 |      0 |   1 |  793.0 |
       Dungeon |    793 |    793 |      0 |    722 |      0 |   1 |  793.0 |
               +--------+--------+--------+--------+--------+-----+--------+

Top non-repeatable levels by time:
       D: 793 daAuts
